 Dungeon Crawl Stone Soup version 0.31-a0-271-gb88eb75e06 (webtiles) character file.

Game seed: 4540389685828194663

718 vineage the Fighter (level 7, 0/93 HPs)
             Began as a Merfolk Fighter on July 14, 2023.
             Slain by a quasit (2 damage)
             ... summoned by Eustachio
             ... on level 5 of the Dungeon.
             The game lasted 00:04:23 (3848 turns).

vineage the Fighter (Merfolk Fighter)               Turns: 3848, Time: 00:04:23

Health: 0/93       AC:  7    Str: 18      XL:     7   Next: 70%
Magic:  7/7        EV:  7    Int:  8      God:
Gold:   153        SH:  8    Dex: 10 (13) Spells: 6/6 levels left

rFire   . . .        a - +0 trident (heavy)
rCold   . . .        r - +0 kite shield
rNeg    . . .        b - +0 scale mail
rPois   .            (no helmet)
rElec   .            (no cloak)
rCorr   .            f - +0 pair of gloves
SInv    .            (no boots)
Will    .....        (no amulet) Stlth
                     (no ring)
HPRegen 0.35/turn    (no ring)
MPRegen 0.10/turn

%: no passive effects
@: berserking, very quick
A: (nimble swimmer 2), mertail
a: no special abilities


You were on level 5 of the Dungeon.
You visited 2 branches of the dungeon, and saw 6 of its levels.

You collected 229 gold pieces.
You spent 76 gold pieces at shops.

Inventory:

Hand Weapons
 a - a +0 heavy trident (weapon)
Armour
 b - a +0 scale mail (worn)
 f - a +0 pair of gloves (worn)
 r - a +0 kite shield (worn)
Jewellery
 e - a ring of magical power
 h - an amulet of faith
 j - a ring of poison resistance
 m - a ring of ice
Wands
 c - a wand of polymorph (13)
Scrolls
 k - 2 scrolls of immolation
 q - a scroll of fog
Potions
 d - 2 potions of might
 g - 2 potions of lignification
 i - 4 potions of enlightenment
 n - a potion of berserk rage
 o - 2 potions of mutation {unknown}
 p - a potion of heal wounds {unknown}


   Skills:
 * Level 8.1 Fighting
 + Level 6.7 Polearms
 - Level 2.1 Armour
 - Level 3.0 Shields


You had 6 spell levels left.
You didn't know any spells.
Your spell library contained the following spells:

 Spells                   Type           Power      Damage    Failure   Level
 Necrotise                Necr           0%         1d4       98%         1
 Sting                    Tmut/Pois      0%         1d3       98%         1
 Sublimation of Blood     Necr           0%         N/A       99%         2
 Vampiric Draining        Necr           0%         2d6       100%        3
 Petrify                  Tmut/Erth      0%         N/A       100%        4
 Agony                    Necr           0%         N/A       100%        5
 Irradiate                Conj/Tmut      0%         3d11      100%        5


Dungeon Overview and Level Annotations

Branches:
Dungeon (5/15)             Temple (1/1) D:5

Altars:
Dithmenos
Elyvilon
Fedhas
Hepliaklqana
Kikubaaqudgha
Nemelex Xobeh
Uskayaw
Wu Jian
Yredelemnul
Zin
The Shining One

Shops:
D:4 *[:*

Annotations:
D:5 Eustachio


Innate Abilities, Weirdness & Mutations

((You are very nimble when in or above water. (Stealth+, EV+, Speed+++)))
Your lower body shifts to a powerful aquatic tail in water.


Message History

You feel clumsy.
The quasit claws you but does no damage.
Eustachio closely misses you.
The quasit bites you but does no damage.
You block the quasit's attack. x2; The quokka bites you.
Eustachio hits you with a +0 falchion.
* * * LOW HITPOINT WARNING * * *
You closely miss Eustachio.
The quasit bites you but does no damage.
You block the quasit's attack. x2
The quokka bites you but does no damage.
You block Eustachio's attack. The quasit barely misses you.
The quasit closely misses you.
The quasit claws you but does no damage.
The quokka closely misses you. Eustachio hits you with a +0 falchion.
* * * LOW HITPOINT WARNING * * *
You closely miss Eustachio. The quasit bites you.
* * * LOW HITPOINT WARNING * * *
The quasit claws you but does no damage. x2
The white imp shouts, "Get thee gone, thou pottle-deep toenail-biting socdollager!"
The quokka bites you.
* * * LOW HITPOINT WARNING * * *
The quasit bites you but does no damage.
You block the quasit's attack. The quasit claws you.
* * * LOW HITPOINT WARNING * * *
You feel clumsy. Eustachio hits you with a +0 falchion.
* * * LOW HITPOINT WARNING * * *
The quokka closely misses you.
Okay, then.
It was a potion of berserk rage.
A red film seems to cover your vision as you go berserk!
You feel yourself moving faster!
You feel mighty!
The quasit bites you but does no damage.
The quasit claws you but does no damage. x2
You block the quokka's attack. Eustachio hits you with a +0 falchion.
* * * LOW HITPOINT WARNING * * *
The quasit bites you but does no damage.
The quasit claws you.
You die...

#..<...# #......#
###....########
#....#.......
#....'.......
#....#...^....# ..
#....#........ ..?
###....#+####..########...
...##......##...@@5......>
.#..#......#...r#5........
.#..#......#....+.........
.#..#......#....#.........
.####......'....#.........
.#..#......####+#....!....
.#..#.....................
.#..†.....................
.#..#.....................


You could see Eustachio, a quasit (summoned), a white imp (summoned) and a
quokka (summoned).

Vanquished Creatures
  A centaur (D:4)
  3 scorpions
  A hound (D:5)
  An iguana (D:4)
  2 sleepcaps (D:3)
  Natasha (thrice) (D:2)
  9 gnolls
  7 adders
  A white imp (D:4)
  An ufetubus (D:4)
  A worm (D:3)
  5 dart slugs
  5 orcs (D:4)
  8 ball pythons
  2 bat zombies (D:2)
  7 endoplasms
  2 giant cockroaches (D:1)
  7 goblins
  3 hobgoblins
  2 quokkas
  2 ball python simulacra (D:2)
  9 bats
  6 frilled lizards
  6 kobolds
  7 rats
  A spectral giant cockroach (D:2)
102 creatures vanquished.

Vanquished Creatures (others)
  A hound zombie (D:2)
1 creature vanquished.

Grand Total: 103 creatures vanquished

Notes
Turn   | Place    | Note
-------+----------+-------------------------------------------
     0 | D:1      | vineage the Merfolk Fighter began the quest for the Orb.
     0 | D:1      | Reached XP level 1. HP: 18/18 MP: 1/1
   181 | D:1      | Reached XP level 2. HP: 25/25 MP: 2/2
   299 | D:1      | Found a faded altar of an unknown god.
   327 | D:1      | Got Plato's Spellbook of the Glowing Cure
   356 | D:1      | Reached skill level 4 in Fighting
   797 | D:1      | Reached XP level 3. HP: 30/30 MP: 3/3
  1249 | D:2      | Noticed Natasha
  1266 | D:2      | Killed Natasha
  1267 | D:2      | Reached XP level 4. HP: 32/38 MP: 4/4
  1269 | D:2      | Reached skill level 5 in Fighting
  1297 | D:2      | Identified the +4 dagger "Muoni Jec" {pain, rF+ Will- rCorr
                  | Stlth+}
  1418 | D:2      | Noticed Natasha
  1422 | D:2      | Killed Natasha
  1431 | D:2      | Reached XP level 5. HP: 44/44 MP: 5/5
  1581 | D:2      | Noticed Natasha
  1587 | D:2      | Killed Natasha
  1886 | D:3      | Reached skill level 6 in Fighting
  2082 | D:3      | Reached skill level 5 in Polearms
  2228 | D:3      | Reached XP level 6. HP: 52/52 MP: 6/6
  2952 | D:4      | Found a blossoming altar of Fedhas.
  2955 | D:4      | Reached skill level 7 in Fighting
  2984 | D:4      | Reached XP level 7. HP: 33/60 MP: 7/7
  3107 | D:4      | Found Sydaninaen's Assorted Antiques.
  3130 | D:4      | Found Oweotru's Antique Armour Shop.
  3137 | D:4      | Bought a kite shield for 76 gold pieces
  3170 | D:4      | Found Hewnucsi's Book Shop.
  3270 | D:4      | Found Gecest's Assorted Antiques.
  3506 | D:5      | Entered Level 5 of the Dungeon
  3573 | D:5      | Found a staircase to the Ecumenical Temple.
  3580 | D:5      | Reached skill level 8 in Fighting
  3620 | Temple   | Entered the Ecumenical Temple
  3819 | D:5      | Noticed Eustachio
  3847 | D:5      | HP: 3/62 [Eustachio/+0 falchion (2)]
  3848 | D:5      | Slain by a quasit

Illustrated notes

Levels and vault maps discovered:
D:1:      dpeg_arrival_central, layout_loops_ring,
          shapermc_ecumenical_altar_rom_forum
D:2:      layout_rooms, dilly_guarded_unrand_morg
D:3:      layout_rooms, minmay_door_square, minmay_surrounded
D:4:      layout_loops_ring, mainiacjoe_overflow_paths, serial_shops,
          nicolae_shop_rolling_square, nicolae_book_shop_shelving,
          nicolae_shop_just_a_little_nook, nicolae_shop_behind_doors
D:5:      layout_gridville, lightli_temple_of_fire,
          minmay_temple_entry_butterflies, serial_shops,
          nicolae_shop_tiny_waterfront, uniq_eustachio
Temple:   hellmonk_temple_beads

Skill      XL: |  1  2  3  4  5  6  7 |
---------------+----------------------+-----
Polearms       | 3 4 5 6 |  6.7
Fighting       | 4 5 6 7 8 |  8.1
Armour         | |  2.1
Shields        | |  3.0

Action                     |  1- 3 |  4- 6 |  7- 9 || total
---------------------------+-------+-------+-------++-------
  Melee: Trident           |   108 |   142 |    49 ||   299
    Use: Scroll            |     9 |       |     2 ||    11
         Potion            |       |       |     1 ||     1
 Armour: Scale mail        |    54 |    88 |    56 ||   198
  Dodge: Dodged            |    52 |    74 |    39 ||   165
  Block: Buckler           |    23 |    37 |       ||    60
         Kite shield       |       |       |    58 ||    58

Table legend: (Time is in decaauts)
 A = Elapsed time spent in this place.
 B = Non-inter-level travel time spent in this place.
 C = Inter-level travel time spent in this place.
 D = Time resting spent in this place.
 E = Time spent auto-exploring this place.
 F = Levels seen in this place.
 G = Mean time per level.
                   A        B        C        D        E       F      G
               +--------+--------+--------+--------+--------+-----+--------+
         Total |   4007 |   3645 |    362 |      0 |   2849 |   6 |  667.8 |
       Dungeon |   3896 |   3547 |    349 |      0 |   2762 |   5 |  779.2 |
        Temple |    110 |     97 |     13 |      0 |     87 |   1 |  110.0 |
               +--------+--------+--------+--------+--------+-----+--------+

Top non-repeatable levels by time:
     D:4: 1068 daAuts
     D:1: 935 daAuts
     D:3: 904 daAuts
     D:2: 731 daAuts
     D:5: 256 daAuts
  Temple: 110 daAuts
